TOP OF THE 1ST |
Kitakyushu Fighting Lions batting - Pitching for Chiba Renegades : LHP Junji Nakashima
|
Pitching: LHP Junji Nakashima
|
|
Batting: RHB Rintaro Kihara
|
0-0: Ball 1-0: Ball 2-0: Ball 3-0: Base on Balls
|
Batting: RHB Keijiro Mori
|
0-0: Sac Bunt to 15 - play at first, batter OUT! 1-3 Rintaro Kihara to second
|
Batting: SHB Takuhiro Yamasaki
|
0-0: Called Strike 0-1: Foul Ball, location: 2F 0-2: Foul Ball, location: 3DF 0-2: SINGLE (Groundball, 4MD, EV 96.3 MPH) Rintaro Kihara to third Runner from 3rd tries for Home, SAFE, throw by CF to home
|
Batting: RHB Hiroto Fujii
|
0-0: Ball 1-0: Ball 2-0: Swinging Strike 2-1: Fly out, F6 (Line Drive, 6D, EV 75.0 MPH)
|
Batting: RHB Kineji Yamamoto
|
0-0: Called Strike 0-1: Foul Ball, location: 2RF 0-2: Fly out, F6 (Line Drive, 6D, EV 68.8 MPH)
|
Top of the 1st over - 1 run, 1 hit, 0 errors, 1 left on base; Kitakyushu 1 - Chiba 0 |
BOTTOM OF THE 1ST |
Chiba Renegades batting - Pitching for Kitakyushu Fighting Lions : LHP Shun Murakami
|
Pitching: LHP Shun Murakami
|
|
Batting: RHB Katsuo Kotani
|
0-0: Foul Ball, location: 23FF 0-1: Called Strike 0-2: Ball 1-2: Ball 2-2: Strikes out swinging
|
Batting: LHB Yoshizo Tanaka
|
0-0: Called Strike 0-1: Ball 1-1: Ball 2-1: Ball 3-1: Ground out 4-3 (Groundball, 4S, EV 87.5 MPH)
|
Batting: RHB Daijiro Kawasaki
|
0-0: Fly out, F3 (Popup, 3, EV 68.1 MPH)
|
Bottom of the 1st over - 0 runs, 0 hits, 0 errors, 0 left on base; Kitakyushu 1 - Chiba 0 |
TOP OF THE 2ND |
Kitakyushu Fighting Lions batting - Pitching for Chiba Renegades : LHP Junji Nakashima
|
Batting: LHB Kikuji Homma
|
0-0: Foul Ball, location: 3FF 0-1: Swinging Strike 0-2: Ground out 4-3 (Groundball, 4M, EV 106.3 MPH)
|
Batting: RHB Tamotsu Miyamoto
|
0-0: Ball 1-0: Ball 2-0: Foul Ball, location: 2F 2-1: SINGLE (Line Drive, 9LS, EV 103.1 MPH)
|
Batting: LHB Fumiya Kurokawa
|
0-0: Ball 1-0: Called Strike 1-1: Foul Ball, location: 2F 1-2: Foul Ball, location: 2F 1-2: Ball 2-2: Strikes out swinging
|
Batting: LHB Shun Murakami
|
0-0: Fly out, F5 (Popup, 56S, EV 79.4 MPH)
|
Top of the 2nd over - 0 runs, 1 hit, 0 errors, 1 left on base; Kitakyushu 1 - Chiba 0 |
BOTTOM OF THE 2ND |
Chiba Renegades batting - Pitching for Kitakyushu Fighting Lions : LHP Shun Murakami
|
Batting: LHB Julio Bustamante
|
0-0: Ball 1-0: Swinging Strike 1-1: SINGLE (Line Drive, 7LS, EV 92.5 MPH)
|
Batting: RHB Masataka Wakayama
|
0-0: Ball 1-0: Ball 2-0: Foul Ball, location: 7LMF 2-1: Swinging Strike 2-2: Strikes out swinging
|
Batting: RHB Akikazu Hayashi
|
0-0: Swinging Strike 0-1: Ball 1-1: Fielders Choice at 2nd, 3-6 (Groundball, 34S, EV 86.3 MPH)
|
Batting: RHB Shigemasa Koga
|
0-0: Ball 1-0: Called Strike 1-1: Foul Ball, location: 2RF 1-2: Foul Ball, location: 5DF 1-2: Fielders Choice at 2nd, 6-4 (Groundball, 6, EV 82.5 MPH)
|
Bottom of the 2nd over - 0 runs, 1 hit, 0 errors, 1 left on base; Kitakyushu 1 - Chiba 0 |
TOP OF THE 3RD |
Kitakyushu Fighting Lions batting - Pitching for Chiba Renegades : LHP Junji Nakashima
|
Batting: RHB Rintaro Kihara
|
0-0: Called Strike 0-1: Swinging Strike 0-2: Foul Ball, location: 25F 0-2: Fly out, F9 (Flyball, 89M, EV 88.1 MPH)
|
Batting: RHB Keijiro Mori
|
0-0: Called Strike 0-1: Called Strike 0-2: Fly out, F7 (Flyball, 7LD, EV 98.1 MPH)
|
Batting: SHB Takuhiro Yamasaki
|
0-0: Swinging Strike 0-1: Ball 1-1: Ball 2-1: Foul Ball, location: 2F 2-2: Foul Ball, location: 2F 2-2: Ball 3-2: Strikes out swinging
|
Top of the 3rd over - 0 runs, 0 hits, 0 errors, 0 left on base; Kitakyushu 1 - Chiba 0 |
BOTTOM OF THE 3RD |
Chiba Renegades batting - Pitching for Kitakyushu Fighting Lions : LHP Shun Murakami
|
Batting: RHB Wen-bin Suzuki
|
0-0: Called Strike 0-1: Ball 1-1: Ground out 6-3 (Groundball, P, EV 87.5 MPH)
|
Batting: RHB Junji Nakashima
|
0-0: Ball 1-0: Swinging Strike 1-1: Ball 2-1: Fly out, F9 (Flyball, 9, EV 78.1 MPH)
|
Batting: RHB Katsuo Kotani
|
0-0: Swinging Strike 0-1: Ground out U3 (Groundball, 34, EV 80.0 MPH)
|
Bottom of the 3rd over - 0 runs, 0 hits, 0 errors, 0 left on base; Kitakyushu 1 - Chiba 0 |
TOP OF THE 4TH |
Kitakyushu Fighting Lions batting - Pitching for Chiba Renegades : LHP Junji Nakashima
|
Batting: RHB Hiroto Fujii
|
0-0: Called Strike 0-1: Foul Ball, location: 23F 0-2: Foul Ball, location: 9LSF 0-2: Foul Ball, location: 25FF 0-2: Strikes out swinging
|
Batting: RHB Kineji Yamamoto
|
0-0: Ball 1-0: Foul Ball, location: 5FF 1-1: DOUBLE (Line Drive, 5D, EV 98.1 MPH)
|
Batting: LHB Kikuji Homma
|
0-0: Ball 1-0: Foul Ball, location: 7LDF 1-1: Foul Ball, location: 5SF 1-2: Foul Ball, location: 7LSF 1-2: Strikes out swinging
|
Batting: RHB Tamotsu Miyamoto
|
0-0: Called Strike 0-1: Ball 1-1: Ball 2-1: Fly out, F8 (Flyball, 8LM, EV 93.1 MPH)
|
Top of the 4th over - 0 runs, 1 hit, 0 errors, 1 left on base; Kitakyushu 1 - Chiba 0 |
BOTTOM OF THE 4TH |
Chiba Renegades batting - Pitching for Kitakyushu Fighting Lions : LHP Shun Murakami
|
Batting: LHB Yoshizo Tanaka
|
0-0: Ball 1-0: Ball 2-0: Called Strike 2-1: Swinging Strike 2-2: Ball 3-2: Fly out, F6 (Line Drive, 6M, EV 71.3 MPH)
|
Batting: RHB Daijiro Kawasaki
|
0-0: Ball 1-0: Ball 2-0: Ball 3-0: Called Strike 3-1: Ground out 5-3 (Groundball, 56, EV 103.8 MPH)
|
Batting: LHB Julio Bustamante
|
0-0: Ball 1-0: Swinging Strike 1-1: Fly out, F4 (Line Drive, 34, EV 73.8 MPH)
|
Bottom of the 4th over - 0 runs, 0 hits, 0 errors, 0 left on base; Kitakyushu 1 - Chiba 0 |
TOP OF THE 5TH |
Kitakyushu Fighting Lions batting - Pitching for Chiba Renegades : LHP Junji Nakashima
|
Batting: LHB Fumiya Kurokawa
|
0-0: Swinging Strike 0-1: Called Strike 0-2: Strikes out swinging
|
Batting: LHB Shun Murakami
|
0-0: Ball 1-0: Ball 2-0: Swinging Strike 2-1: Ball 3-1: Base on Balls
|
Batting: RHB Rintaro Kihara
|
0-0: Ball 1-0: SINGLE (Line Drive, 78M, EV 96.9 MPH) Shun Murakami to second
|
Batting: RHB Keijiro Mori
|
0-0: Ball 1-0: Called Strike 1-1: Foul Ball, location: 2F 1-2: Grounds into double play, U5-3 (Groundball, 5, EV 77.5 MPH)
|
Top of the 5th over - 0 runs, 1 hit, 0 errors, 1 left on base; Kitakyushu 1 - Chiba 0 |
BOTTOM OF THE 5TH |
Chiba Renegades batting - Pitching for Kitakyushu Fighting Lions : LHP Shun Murakami
|
Batting: RHB Masataka Wakayama
|
0-0: Ball 1-0: SINGLE (Groundball, 6MD, EV 96.3 MPH)
|
Batting: RHB Akikazu Hayashi
|
0-0: Ball 1-0: Foul Ball, location: 2F 1-1: Swinging Strike 1-2: Ball 2-2: SINGLE (Flyball, 56D, EV 90.6 MPH) Masataka Wakayama to second
|
Batting: RHB Shigemasa Koga
|
0-0: Called Strike 0-1: Called Strike 0-2: Ball 1-2: Ball 2-2: Foul Ball, location: 2RF 2-2: Strikes out swinging
|
Batting: RHB Wen-bin Suzuki
|
0-0: Called Strike 0-1: Ball 1-1: Ball 2-1: Foul Ball, location: 5F 2-2: Ball 3-2: Foul Ball, location: 2F 3-2: Strikes out swinging
|
Batting: RHB Junji Nakashima
|
0-0: Called Strike 0-1: Ground out 4-3 (Groundball, 4, EV 83.8 MPH)
|
Bottom of the 5th over - 0 runs, 2 hits, 0 errors, 2 left on base; Kitakyushu 1 - Chiba 0 |
TOP OF THE 6TH |
Kitakyushu Fighting Lions batting - Pitching for Chiba Renegades : LHP Junji Nakashima
|
Batting: SHB Takuhiro Yamasaki
|
0-0: Called Strike 0-1: SINGLE (Line Drive, 7S, EV 93.1 MPH)
|
Batting: RHB Hiroto Fujii
|
0-0: Ball 1-0: Foul Ball, location: 2F 1-1: Called Strike 1-2: Grounds into double play, 5-4-3 (Groundball, 5, EV 88.1 MPH)
|
Batting: RHB Kineji Yamamoto
|
0-0: Ball 1-0: SINGLE (Line Drive, 89M, EV 103.1 MPH)
|
Batting: LHB Kikuji Homma
|
0-0: Ball 1-0: Fly out, F5 (Popup, 5SF, EV 82.5 MPH)
|
Top of the 6th over - 0 runs, 2 hits, 0 errors, 1 left on base; Kitakyushu 1 - Chiba 0 |
BOTTOM OF THE 6TH |
Chiba Renegades batting - Pitching for Kitakyushu Fighting Lions : LHP Shun Murakami
|
Batting: RHB Katsuo Kotani
|
0-0: Called Strike 0-1: DOUBLE (Flyball, 8RXD, EV 106.9 MPH)
|
Pitching: RHP Yugo Umeno
|
|
Batting: LHB Yoshizo Tanaka
|
0-0: Ball 1-0: Ball 2-0: Foul Ball, location: 7LMF 2-1: Ball 3-1: Fly out, F7 (Line Drive, 7, EV 90.0 MPH)
|
Batting: RHB Daijiro Kawasaki
|
0-0: Called Strike 0-1: SINGLE (Line Drive, 89M, EV 102.5 MPH) Katsuo Kotani to third Runner from 3rd tries for Home, SAFE, throw by CF to home
|
Batting: LHB Julio Bustamante
|
0-0: Called Strike 0-1: Called Strike 0-2: Ball 1-2: Grounds into double play, U6-3 (Groundball, 4M, EV 83.8 MPH)
|
Bottom of the 6th over - 1 run, 2 hits, 0 errors, 0 left on base; Kitakyushu 1 - Chiba 1 |
TOP OF THE 7TH |
Kitakyushu Fighting Lions batting - Pitching for Chiba Renegades : LHP Junji Nakashima
|
Pitching: RHP Kohei Azuma
|
|
Pinch Hitting: LHB Sam Grogg
|
0-0: Ball 1-0: Foul Ball, location: 2F 1-1: Fly out, F5 (Popup, 25, EV 83.8 MPH)
|
Batting: LHB Fumiya Kurokawa
|
0-0: Ball 1-0: Foul Ball, location: 2F 1-1: Called Strike 1-2: Strikes out swinging
|
Pinch Hitting: RHB Masahisa Tanaka
|
0-0: Called Strike 0-1: Ball 1-1: DOUBLE (Line Drive, 89M, EV 110.6 MPH)
|
Batting: RHB Rintaro Kihara
|
0-0: Ball 1-0: Ground out 5-3 (Groundball, 56S, EV 65.0 MPH)
|
Top of the 7th over - 0 runs, 1 hit, 0 errors, 1 left on base; Kitakyushu 1 - Chiba 1 |
BOTTOM OF THE 7TH |
Chiba Renegades batting - Pitching for Kitakyushu Fighting Lions : RHP Yugo Umeno
|
Pitching: RHP Takeshi Shimizu
|
|
Now in CF: Ritsuo Kimura
|
|
Batting: RHB Masataka Wakayama
|
0-0: Ball 1-0: Swinging Strike 1-1: Foul Ball, location: 2F 1-2: Foul Ball, location: 7LMFF 1-2: Foul Ball, location: 2F 1-2: Fly out, F9 (Flyball, 9, EV 78.8 MPH)
|
Batting: RHB Akikazu Hayashi
|
0-0: Called Strike 0-1: Foul Ball, location: 2RF 0-2: Foul Ball, location: 3DF 0-2: Ball 1-2: Foul Ball, location: 2F 1-2: Foul Ball, location: 5DF 1-2: Ball 2-2: Ball 3-2: SINGLE (Groundball, 6MD, EV 94.4 MPH)
|
Pitching: RHP Norihiko Tanaka
|
|
Batting: RHB Shigemasa Koga
|
0-0: Grounds into double play, 6-4-3 (Groundball, 6, EV 91.9 MPH)
|
Bottom of the 7th over - 0 runs, 1 hit, 0 errors, 0 left on base; Kitakyushu 1 - Chiba 1 |
TOP OF THE 8TH |
Kitakyushu Fighting Lions batting - Pitching for Chiba Renegades : RHP Kohei Azuma
|
Batting: RHB Keijiro Mori
|
0-0: Foul Ball, location: 5F 0-1: Ball 1-1: Swinging Strike 1-2: Strikes out swinging
|
Batting: SHB Takuhiro Yamasaki
|
0-0: Called Strike 0-1: Foul Ball, location: 25F 0-2: Fly out, F9 (Flyball, 9, EV 92.5 MPH)
|
Batting: RHB Hiroto Fujii
|
0-0: Swinging Strike 0-1: Ground out 6-3 (Groundball, 6M, EV 105.6 MPH)
|
Top of the 8th over - 0 runs, 0 hits, 0 errors, 0 left on base; Kitakyushu 1 - Chiba 1 |
BOTTOM OF THE 8TH |
Chiba Renegades batting - Pitching for Kitakyushu Fighting Lions : RHP Norihiko Tanaka
|
Batting: RHB Wen-bin Suzuki
|
0-0: Ball 1-0: Called Strike 1-1: SINGLE (Groundball, 4MD, EV 102.5 MPH)
|
Pinch Hitting: RHB Junpei Kawarada
|
0-0: Ball 1-0: Bunted foul 1-1: Ball 2-1: Bunted foul 2-2: Foul Ball, location: 3F 2-2: 2-RUN HOME RUN (Flyball, 7D, EV 101.9 MPH), Distance : 401 ft
|
Batting: RHB Katsuo Kotani
|
0-0: Called Strike 0-1: SINGLE (Flyball, 4MD, EV 94.4 MPH)
|
Batting: LHB Yoshizo Tanaka
|
0-0: Ball 1-0: Foul Ball, location: 7LDF 1-1: Ball 2-1: Foul Ball, location: 2F 2-2: Ball 3-2: Base on Balls Katsuo Kotani to second
|
Batting: RHB Daijiro Kawasaki
|
0-0: Called Strike 0-1: Ball 1-1: SINGLE (Line Drive, 8RM, EV 103.1 MPH) Katsuo Kotani to third Yoshizo Tanaka to second
|
Batting: LHB Julio Bustamante
|
0-0: Called Strike 0-1: Ball 1-1: Foul Ball, location: 7LDF 1-2: Foul Ball, location: 3DF 1-2: Ball Wild Pitch! Katsuo Kotani scores Yoshizo Tanaka to third Daijiro Kawasaki to second 2-2: SINGLE (Flyball, 89S, EV 88.8 MPH) Yoshizo Tanaka scores Daijiro Kawasaki to third
|
Pitching: RHP Keisho Shirakawa
|
|
Batting: RHB Masataka Wakayama
|
0-0: Foul Ball, location: 9LSF 0-1: Ball 1-1: Foul Ball, location: 2F 1-2: Fielders Choice at 2nd, 6-4 (Groundball, 56, EV 107.5 MPH) Daijiro Kawasaki scores
|
Batting: RHB Akikazu Hayashi
|
0-0: Ball 1-0: Called Strike 1-1: Ball 2-1: Ball 3-1: Foul Ball, location: 25F 3-2: Base on Balls Masataka Wakayama to second
|
Batting: RHB Shigemasa Koga
|
0-0: Ball 1-0: Called Strike 1-1: Ball 2-1: Swinging Strike 2-2: Ball 3-2: Grounds into double play, 4-6-3 (Groundball, 4, EV 76.9 MPH)
|
Bottom of the 8th over - 5 runs, 5 hits, 0 errors, 1 left on base; Kitakyushu 1 - Chiba 6 |
TOP OF THE 9TH |
Kitakyushu Fighting Lions batting - Pitching for Chiba Renegades : RHP Kohei Azuma
|
Pitching: RHP Mincho Yokota
|
|
Batting: RHB Kineji Yamamoto
|
0-0: Ground out 5-3 (Groundball, 56, EV 105.6 MPH)
|
Batting: LHB Kikuji Homma
|
0-0: Ball 1-0: Called Strike 1-1: Ground out 6-3 (Groundball, 6, EV 86.3 MPH)
|
Batting: RHB Ritsuo Kimura
|
0-0: Foul Ball, location: 9LSF 0-1: Ball 1-1: Ball 2-1: Called Strike 2-2: Foul Ball, location: 2F 2-2: Ground out 2-3 (Groundball, 15S, EV 70.0 MPH)
|
Top of the 9th over - 0 runs, 0 hits, 0 errors, 0 left on base; Kitakyushu 1 - Chiba 6 |
|